 Dungeon Crawl Stone Soup version 0.24-a0-230-g536ed4e33c (webtiles) character file.

Game seed: 16377574919604867144

606660 Maize the Conqueror (level 26, -18/239 HPs)
             Began as a Minotaur Berserker on Apr 2, 2019.
             Was the Champion of Trog.
             Demolished by an Orb Guardian (36 damage)
             ... on level 5 of the Realm of Zot.
             The game lasted 02:06:10 (52816 turns).

Maize the Conqueror (Minotaur Berserker)           Turns: 52816, Time: 02:06:11

Health: -18/239    AC: 44    Str: 39    XL:     26   Next: 64%
Magic:  26/26      EV: 22    Int:  7    God:    Trog [******]
Gold:   4353       SH:  0    Dex: 19    Spells: 25/25 levels left

rFire    + + +     SeeInvis .   W - +9 executioner's axe (flame)
rCold    + . .     Gourm    .   (shield currently unavailable)
rNeg     + . .     Faith    .   S - +9 gold dragon scales
rPois    +         Spirit   .   y - +2 hat {MR+}
rElec    .         Reflect  .   q - scarf {repulsion}
rCorr    .         Harm     .   M - +2 pair of gloves {Dex+3}
MR       +++++     Clarity  +   I - +2 pair of boots of Zad Xote {rF+ Dex+2}
Stlth    ..........             H - amulet of the Four Winds {rN+ MR+++ Clar}
HPRegen  0.00/turn              u - ring "Vofos" {rPois MR+ Int+3}
MPRegen  0.20/turn              r - ring of Descent {rF+ Str+7}

@: about to teleport, berserk cooldown, slowed, repel missiles, very slow
A: retaliatory headbutt, horns 2, iridescent scales 1, slimy green scales 1,
thin skeletal structure 1, deformed body, fire resistance 1, frail 1, low mp 2,
inhibited regeneration
}: 3/15 runes: serpentine, barnacled, silver
a: Berserk, Trog's Hand, Brothers in Arms, Renounce Religion


You were on level 5 of the Realm of Zot.
You worshipped Trog.
Trog was exalted by your worship.
You were hungry.

You visited 10 branches of the dungeon, and saw 48 of its levels.
You visited the Abyss 1 time.
You also visited: Trove, Bailey, Gauntlet, Ice Cave and Desolation.

You collected 5709 gold pieces.
You spent 1356 gold pieces at shops.

Inventory:

Hand Weapons
 C - a +7 antimagic battleaxe
 E - a +3 vampiric battleaxe
 W - a +9 executioner's axe of flaming (weapon)
Armour
 b - a +0 crystal plate armour
 q - a scarf of repulsion (worn)
 y - a +2 hat of magic resistance (worn)
 I - the +2 pair of boots of Zad Xote (worn) {rF+ Dex+2}
   (You found it in a Gauntlet)

   It affects your dexterity (+2).
   It protects you from fire.
 M - a +2 pair of gloves of dexterity (worn)
 N - the +6 plate armour of Qazlal's Benevolence {-Cast Dex+9 Slay+2}
   (You bought it in a shop on level 2 of the Orcish Mines)

   It affects your dexterity (+9).
   It affects your accuracy and damage with ranged weapons and melee attacks
   (+2).
   It prevents spellcasting.
 S - +9 gold dragon scales (worn)
Jewellery
 l - the ring of Ruofojid {+Fly rC+ Str+2 Dex+4}
   (You took it off a yaktaur on level 4 of the Vaults)

   [ring of flight]

   It affects your strength (+2).
   It affects your dexterity (+4).
   It protects you from cold.
   It lets you fly.
 r - the ring of Descent (right hand) {rF+ Str+7}
   (You found it in the Desolation of Salt)

   [ring of protection from fire]

   It affects your strength (+7).
   It protects you from fire.
 u - the ring "Vofos" (left hand) {rPois MR+ Int+3}
   (You found it in the Desolation of Salt)

   [ring of poison resistance]

   It affects your intelligence (+3).
   It protects you from poison.
   It affects your resistance to hostile enchantments.
 D - an uncursed ring of resist corrosion
 H - the amulet of the Four Winds (around neck) {rN+ MR+++ Clar}
   (You took it off a tengu reaver on level 5 of the Vaults)

   [amulet of nothing]

   It protects you from negative energy.
   It affects your resistance to hostile enchantments.
   It protects you against confusion.
 O - a +5 ring of evasion
 P - an uncursed ring of ice
Wands
 h - a wand of paralysis (31)
 j - a wand of flame (69)
 s - a wand of enslavement (10)
 B - a wand of acid (34)
 G - a wand of random effects (6)
 J - a wand of disintegration (45)
 Q - a wand of digging (4)
 R - a wand of iceblast (16)
Scrolls
 d - 24 scrolls of teleportation
 e - 7 scrolls of identify
 f - a scroll of magic mapping
 g - 12 scrolls of fog
 i - 4 scrolls of enchant weapon
 p - 19 scrolls of remove curse
 x - 10 scrolls of fear
 K - 2 scrolls of blinking
 L - 2 scrolls of silence
 T - 2 scrolls of summoning
 Z - 7 scrolls of brand weapon
Potions
 a - 6 potions of heal wounds
 k - 17 potions of curing
 m - 3 potions of magic
 n - 10 potions of might
 o - 3 potions of flight
 t - 9 potions of invisibility
 v - 8 potions of brilliance
 w - 2 potions of mutation
 z - a potion of ambrosia
 F - a potion of resistance
 V - 2 potions of cancellation
 X - 3 potions of haste
 Y - 4 potions of agility
Miscellaneous
 U - a lamp of fire
Comestibles
 c - 34 rations
 A - 2 chunks of flesh


   Skills:
 O Level 27 Fighting
 - Level 26.1 Axes
 O Level 27 Armour
 + Level 18.4 Dodging
 + Level 15.8 Evocations


You had 25 spell levels left.
You didn't know any spells.
Your spell library was empty.

Dungeon Overview and Level Annotations

Branches:
Dungeon (15/15)            Temple (1/1) D:4            Lair (6/6) D:8
 Shoals (4/4) Lair:2        Snake (4/4) Lair:3        Slime (0/5) Lair:6
    Orc (2/2) D:10            Elf (0/3) Orc:2        Vaults (5/5) D:13
  Crypt (0/3) Vaults:3     Depths (5/5) D:15           Hell (1/1)
    Zot (5/5) Depths:5
    Dis: Hell:1         Geh: Hell:1         Coc: Hell:1         Tar: Hell:1

Altars:
Elyvilon
Kikubaaqudgha
Okawaru
Trog
Yredelemnul
The Shining One
Beogh

Shops:
D:10 [   D:13 *   Orc:1 (   Orc:2 *!:*   Shoals:3 [   Vaults:2 !   Vaults:3 %

Portals:
Hell: Depths:1 Depths:2 Depths:3 Depths:4 Depths:5
Abyss: Depths:1 Depths:2 Depths:4 Depths:5
Pandemonium: Depths:3 Depths:4
Ziggurat: Depths:5

Annotations:
Depths:1 6 runed translucent doors
Depths:4 exclusion: orange crystal statue
Hell Geryon


Innate Abilities, Weirdness & Mutations

You reflexively headbutt those who attack you in melee.
You have a pair of horns on your head.
You are partially covered in iridescent scales. (AC +2)
You are partially covered in slimy green scales. (AC +2)
You have a somewhat thin skeletal structure. (Dex +2, Stealth)
Armour fits poorly on your strangely shaped body.
Your flesh is heat resistant. (rF+)
You are frail. (-10% HP)
Your magical capacity is very low. (-20% MP)
You do not regenerate when monsters are visible.


Message History

You burn the Orb Guardian!!
You feel the power of Trog in you as your rage grows.
You kill the Orb Guardian!
Trog accepts your kill.
You feel a strong urge to attack something.
You feel your anger nearly subside.
The moth of wrath goads the Orb Guardian on!
The Orb Guardian goes berserk!
You are no longer berserk.
You are exhausted.
You feel yourself slow down.
As you read the scroll of teleportation, it crumbles to dust.
You feel strangely unstable.
You feel the Orb delaying your translocation!
The Orb Guardian hits you!!
* * * LOW HITPOINT WARNING * * *
The Orb Guardian hits you!
* * * LOW HITPOINT WARNING * * *
The Orb Guardian hits you!!!
You die...

,,,.....▓▓.......................
,,,......▓......................▓
,,,0...X..X....................▓▓
,,,,...y.▓.........^.........^..▓
,,,,...,*▓.y......^..............
,,,,.,,**▓....................^..
******** #^...X......^...........
##....X.....^...........
##▓..X@...............▓
▓▓▓▓^..............▓▓
#▓▓▓▓▓▓▓▓▓▓▓##[....▓▓
###....)..............#*
##....##................#
#########...###.....^...[........
...........###..(................
.........^## #.............^.....
..........# #...................


You could see 4 Orb Guardians and a moth of wrath.

Vanquished Creatures
  8 orbs of fire (Zot:5)
  5 ancient liches
  Saint Roka (Depths:2)
  8 golden dragons
  Jory (Vaults:4)
  An electric golem (Zot:5)
  12 tentacled monstrosities
  18 Orb Guardians (Zot:5)
  Rupert (D:13)
  3 liches
  An Ice Fiend (IceCv)
  3 quicksilver dragons
  3 deep elf blademasters (Depths:1)
  The ghost of Rusei the Executioner, an adept MiBe of Trog (Shoals:1)
  Gastronok (Lair:1)
  14 storm dragons
  4 death cobs
  Agnes (Snake:1)
  4 sphinxes
  8 tengu reavers
  5 draconian monks
  10 shadow dragons
  9 fire giants
  10 frost giants
  5 nagarajas (Snake:4)
  A deep elf sorcerer (Vaults:5)
  2 draconian scorchers
  3 ghost moths
  3 imperial myrmidons (Desolation)
  A draconian knight (Zot:2)
  2 draconian shifters
  2 orc warlords
  Louise (D:15)
  13 vault wardens
  Aizul (Snake:3)
  A draconian stormcaller (Depths:5)
  2 deep elf elementalists (Vaults:5)
  5 draconian annihilators
  19 ironheart preservers
  A ghoul (Vaults:3)
  2 war gargoyles (Vaults:5)
  13 stone giants
  A reaper (Depths:4)
  2 entropy weavers (Vaults:1)
  A caustic shrike skeleton (Depths:3)
  21 very ugly things
  2 vampire knights (Depths:3)
  A halazid warlock (Desolation)
  4 black draconians
  2 deep elf demonologists
  A minotaur (Gauntlet)
  3 green draconians
  9 purple draconians
  A deep elf annihilator (Vaults:1)
  11 yellow draconians
  7 red draconians
  8 white draconians
  A spark wasp (Depths:3)
  5 merfolk javelineers
  2 deep elf death magi
  18 ettins
  Josephine (D:13)
  8 crystal guardians
  7 fire dragons
  9 ragged hierophants (Desolation)
  2 deep elf high priests (Vaults:5)
  7 merfolk impalers
  Fannar (D:11)
  21 yaktaur captains
  10 great orbs of eyes
  2 spriggan air magi
  2 servants of whispers (Desolation)
  8 peacekeepers (Desolation)
  14 ice dragons
  12 hydras
  Harold (Lair:1)
  16 naga warriors
  26 vault guards
  9 rakshasas
  A merfolk avatar (Shoals:4)
  2 catoblepae
  15 ogre magi
  14 centaur warriors
  47 two-headed ogres
  5 merfolk aquamancers
  8 anacondas
  Erica (D:11)
  5 death knights
  3 satyrs
  9 deep troll earth magi
  A dancing weapon (Vaults:5)
  4 vampire magi
  3 spriggan berserkers
  2 hell hogs (Abyss:3)
  9 deep troll shamans
  8 shock serpents
  4 death yaks (Lair:5)
  The ghost of MirrMurr the Nimble, a journeyman SpBe of Trog (D:10)
  11 naga sharpshooters
  21 tengu warriors
  Urug (Lair:2)
  4 orc high priests (Orc:2)
  7 deep elf knights
  The ghost of temitten the Carver, a novice MiFi of Yredelemnul (D:7)
  A sun demon (Depths:4)
  Nergalle (Orc:1)
  4 shadow wraiths
  A hell knight (Depths:3)
  2 sixfirhies (Abyss:3)
  5 iron trolls
  10 unseen horrors
  7 large abominations
  A salamander mystic (Snake:4)
  7 skeletal warriors
  15 sea snakes
  A gelid demonspawn (Depths:3)
  36 deep trolls
  A torturous demonspawn (Depths:3)
  7 naga ritualists
  4 wizards
  A kraken simulacrum (Shoals:4)
  An infernal demonspawn (Depths:3)
  A shadow demon (Depths:3)
  An unseen horror (shapeshifter) (D:15)
  Pikel (D:9)
  The ghost of xoxolimbo the Geomancer, a novice DDEE (D:7)
  5 deep elf archers
  6 mana vipers
  4 phantasmal warriors
  2 lindwurms
  3 glowing orange brains
  13 harpies
  19 ironbrand convokers
  2 wolf spiders (shapeshifter)
  4 necromancers
  14 orc knights
  A mana viper (shapeshifter) (Vaults:4)
  An orb spider (shapeshifter) (Vaults:4)
  21 deep elf magi
  A sphinx zombie (Vaults:5)
  3 orc sorcerers (Orc:2)
  18 fauns
  5 oklob plants
  A fire giant zombie (Depths:3)
  8 wolf spiders
  6 cyclopes
  14 manticores
  63 ugly things
  A spectral centaur (D:10)
  9 moths of wrath
  16 salamanders
  21 black mambas
  A water nymph (shapeshifter) (Depths:5)
  A rust devil (Depths:4)
  20 elephants
  3 ice statues (IceCv)
  2 stone giant skeletons (Vaults:2)
  A frost giant skeleton (Depths:3)
  A black mamba (shapeshifter) (Vaults:4)
  2 water nymphs
  8 guardian serpents
  A torpor snail (shapeshifter) (Vaults:5)
  37 naga magi
  3 molten gargoyles
  11 merfolk sirens
  8 spiny frogs
  15 vault sentinels
  A spiny frog (shapeshifter) (Vaults:4)
  Joseph (Lair:1)
  A gargoyle (D:15)
  2 rime drakes
  A torpor snail (Gauntlet)
  A minotaur zombie (Gauntlet)
  2 efreet
  A yaktaur zombie (Vaults:5)
  48 yaktaurs
  13 ice devils
  12 freezing wraiths
  5 kobold demonologists
  9 komodo dragons
  A golden dragon simulacrum (IceCv)
  A yaktaur skeleton (Vaults:5)
  3 anaconda simulacra (IceCv)
  3 tengu conjurers
  7 wind drakes
  6 trolls
  22 merfolk
  5 hornets
  51 saltlings (Desolation)
  A meliai (shapeshifter) (Vaults:4)
  11 blink frogs
  A snapping turtle (shapeshifter) (Vaults:5)
  2 blink frogs (shapeshifter)
  Grinder (D:6)
  A fire giant simulacrum (Vaults:3)
  13 slime creatures
  5 snapping turtles
  15 hippogriffs
  Sigmund (D:2)
  8 dream sheep
  A redback (shapeshifter) (D:15)
  An ettin skeleton (Vaults:5)
  4 redbacks (Vaults:1)
  A vampire (D:10)
  2 shadows
  9 wraiths
  8 wyverns
  A wyvern (shapeshifter) (Vaults:5)
  A ynoxinul (Depths:3)
  A tarantella (Vaults:1)
  A dire elephant simulacrum (IceCv)
  4 fire bats (Depths:4)
  A yak (shapeshifter) (Vaults:4)
  49 yaks
  Grum (D:9)
  8 basilisks
  18 water elementals
  22 humans (D:13)
  A basilisk (shapeshifter) (D:15)
  18 vampire mosquitoes
  3 chaos spawn (Depths:2)
  4 hungry ghosts
  3 harpy simulacra (IceCv)
  A steam dragon (Lair:6)
  A soldier ant (D:11)
  47 nagas
  6 wargs
  2 soldier ants (shapeshifter)
  2 acid dragons
  16 water moccasins
  4 hell hounds (Lair:6)
  4 porcupines
  2 hydra simulacra (IceCv)
  64 orc warriors
  6 black bears
  7 ice beasts
  2 slaves (D:9)
  A sky beast (D:14)
  A black bear (shapeshifter) (D:15)
  A necrophage (D:9)
  47 ogres
  An eye of draining (D:14)
  8 phantoms
  10 boggarts
  5 wolves
  An ogre (shapeshifter) (Depths:4)
  17 centaurs
  7 crocodiles
  3 big kobolds (D:13)
  16 bullfrogs
  2 wyvern skeletons
  A scorpion (D:11)
  3 small abominations (Depths:2)
  9 killer bees (D:12)
  2 human simulacra (Vaults:2)
  9 wights
  An electric eel (Snake:2)
  2 vampire bats (D:3)
  4 howler monkeys
  3 lava snakes (Lair:6)
  10 crimson imps
  2 bullfrog zombies (D:13)
  3 quasits
  3 hounds
  6 centaur zombies
  7 human zombies
  5 jellies
  A wyvern simulacrum (D:13)
  28 orc priests
  5 centaur skeletons
  An iron imp (Depths:3)
  31 orc wizards
  4 bullfrog skeletons
  A human skeleton (D:7)
  Jessica (D:2)
  Terence (D:2)
  9 iguanas
  12 worker ants
  6 hell rats (Lair:5)
  A killer bee zombie (D:9)
  A hound zombie (D:7)
  A hound skeleton (D:8)
  5 mummies (D:7)
  A worker ant zombie (D:6)
  6 gnolls
  18 adders
  9 shadow imps
  A white imp (Gauntlet)
  3 ufetubi (Depths:3)
  An ooze (D:6)
  An adder skeleton (D:8)
  An adder zombie (D:5)
  6 worms
  6 leopard geckos
  146 orcs
  5 ball pythons
  2 bat skeletons (D:3)
  5 bat zombies (D:3)
  7 giant cockroaches
  7 goblins
  8 hobgoblins
  5 jackals (D:5)
  4 quokkas
  8 bats
  6 frilled lizards
  15 kobolds
  A leopard gecko skeleton (D:5)
  A leopard gecko zombie (D:6)
  An orc zombie (D:7)
  8 rats
  A crawling corpse (Vaults:5)
  4 fungi (Lair:5)
  13 plants
2315 creatures vanquished.

Vanquished Creatures (collateral kills)
  2 orbs of fire (Zot:4)
  A sphinx (Vaults:4)
  A deep elf sorcerer (Vaults:5)
  An ironheart preserver (Vaults:4)
  An entropy weaver (Vaults:4)
  A merfolk impaler (Shoals:4)
  An ogre mage (Vaults:4)
  2 vault guards (Vaults:5)
  A death knight (Vaults:5)
  A satyr (Shoals:4)
  A hell hog (Abyss:3)
  A deep troll (Vaults:4)
  A phantasmal warrior (Vaults:5)
  An ironbrand convoker (Vaults:4)
  A flayed ghost (Vaults:5)
  A faun (Shoals:4)
  A vault sentinel (Vaults:5)
  A merfolk siren (Shoals:4)
  A freezing wraith (Vaults:5)
  An efreet (Abyss:3)
  A yaktaur (Vaults:4)
  A jumping spider (Vaults:4)
  A redback (Vaults:4)
25 creatures vanquished.

Vanquished Creatures (others)
  A stone giant (Vaults:5)
  A merfolk aquamancer (Shoals:4)
  An unseen horror (Abyss:3)
  A moth of wrath (Zot:3)
  A vault sentinel (Vaults:5)
  A black mamba (Snake:4)
  A naga mage (Snake:4)
  A golden eye (Abyss:3)
  2 ogres (Vaults:5)
  2 centaurs (Depths:3)
  An orc priest (Orc:2)
  An orc wizard (Orc:2)
  A fungus (Lair:3)
  34 plants
  4 tentacles (Shoals:4)
53 creatures vanquished.

Grand Total: 2393 creatures vanquished

Notes
Turn   | Place    | Note
-------+----------+-------------------------------------------
     0 | D:1      | Maize the Minotaur Berserker began the quest for the Orb.
     0 | D:1      | Reached XP level 1. HP: 19/19 MP: 0/0
   235 | D:1      | Reached XP level 2. HP: 24/27 MP: 1/1
   707 | D:2      | Reached XP level 3. HP: 29/33 MP: 2/2
   730 | D:2      | Reached ** piety under Trog
   748 | D:2      | Found a bloodstained altar of Trog.
   758 | D:2      | Found a white marble altar of Elyvilon.
   789 | D:2      | Noticed Sigmund
   808 | D:2      | Killed Sigmund
   808 | D:2      | Reached skill level 5 in Axes
   808 | D:2      | Reached XP level 4. HP: 11/41 MP: 3/3
   808 | D:2      | Reached XP level 5. HP: 13/47 MP: 4/4
  1170 | D:2      | Noticed Jessica
  1180 | D:2      | Killed Jessica
  1180 | D:2      | Reached skill level 5 in Fighting
  1366 | D:2      | Noticed Terence
  1375 | D:2      | Killed Terence
  1375 | D:2      | Reached XP level 6. HP: 44/56 MP: 5/5
  1697 | D:3      | Reached *** piety under Trog
  2015 | D:3      | Found an iron altar of Okawaru.
  2231 | D:3      | Found an ancient bone altar of Kikubaaqudgha.
  2395 | D:4      | Reached skill level 5 in Armour
  2395 | D:4      | Reached XP level 7. HP: 56/62 MP: 6/6
  2896 | D:4      | Found a staircase to the Ecumenical Temple.
  2938 | D:4      | Reached **** piety under Trog
  3169 | Temple   | Entered the Ecumenical Temple
  3181 | D:5      | Entered Level 5 of the Dungeon
  3472 | D:5      | Reached XP level 8. HP: 50/71 MP: 7/7
  4159 | D:6      | Reached skill level 10 in Axes
  4338 | D:6      | Found a glowing golden altar of the Shining One.
  4505 | D:6      | Reached XP level 9. HP: 76/81 MP: 8/8
  4522 | D:6      | Noticed Grinder
  4526 | D:6      | Killed Grinder
  4535 | D:6      | Reached ***** piety under Trog
  4668 | D:7      | Found a runed translucent gate.
  4669 | D:7      | Found a runed translucent gate.
  4669 | D:7      | Found a runed translucent gate.
  4670 | D:7      | Noticed temitten's ghost (novice MiFi)
  4671 | D:7      | Noticed xoxolimbo's ghost (novice DDEE)
  4842 | D:7      | Found a flagged portal.
  4870 | Bailey   | Entered a bailey
  5184 | Bailey   | Noticed an orc knight
  5184 | Bailey   | Noticed an orc knight
  5211 | Bailey   | Received a gift from Trog
  5743 | Bailey   | Found the +15 Maxwell's patent armour {-Cast -Tele rElec
                  | MR+ rCorr}
  5974 | Bailey   | Noticed an orc knight
  5986 | Bailey   | Killed an orc knight
  6560 | D:7      | Found a bloodstained altar of Trog.
  6899 | D:7      | Reached XP level 10. HP: 83/91 MP: 9/9
  6920 | D:7      | Found a basalt altar of Yredelemnul.
  7034 | D:7      | Killed temitten's ghost
  7043 | D:7      | Killed xoxolimbo's ghost
  7158 | D:8      | Reached skill level 10 in Fighting
  7217 | D:8      | Identified a scroll of acquirement
  7284 | D:8      | Noticed a two-headed ogre
  7294 | D:8      | Killed a two-headed ogre
  7345 | D:8      | Reached skill level 10 in Armour
  7534 | D:8      | Found a staircase to the Lair.
  7733 | Lair:1   | Entered Level 1 of the Lair of Beasts
  7748 | Lair:1   | Noticed an oklob plant
  7751 | Lair:1   | Noticed an oklob plant
  7751 | Lair:1   | Noticed an oklob plant
  7751 | Lair:1   | Noticed an oklob plant
  7770 | Lair:1   | Killed an oklob plant
  7773 | Lair:1   | Killed an oklob plant
  7773 | Lair:1   | Reached XP level 11. HP: 101/101 MP: 10/10
  7778 | Lair:1   | Killed an oklob plant
  7780 | Lair:1   | Killed an oklob plant
  7783 | Lair:1   | Got a clouded brass ring
  7798 | Lair:1   | Identified the ring of Buuveil {*Slow +Blink rC+ rN+ Dex+4}
                  | (You found it on level 1 of the Lair of Beasts)
  7981 | Lair:1   | Noticed Joseph
  7993 | Lair:1   | Killed Joseph
  7995 | Lair:1   | Noticed Gastronok
  8008 | Lair:1   | Killed Gastronok
  8008 | Lair:1   | Reached skill level 15 in Axes
  8042 | Lair:1   | Noticed Harold
  8055 | Lair:1   | Killed Harold
  8945 | Lair:2   | Noticed Urug
  8953 | Lair:2   | Killed Urug
  9120 | Lair:2   | Found a staircase to the Shoals.
  9498 | Lair:3   | Reached XP level 12. HP: 112/112 MP: 11/11
  9517 | Lair:3   | Received a gift from Trog
  9562 | Lair:3   | Noticed a catoblepas
  9574 | Lair:3   | Killed a catoblepas
  9616 | Lair:3   | Found a staircase to the Snake Pit.
  9678 | Lair:3   | Noticed a five-headed hydra
  9682 | Lair:3   | Killed an eight-headed hydra
  9740 | Lair:3   | You fall through a shaft for 3 floors!
  9740 | Lair:6   | Entered Level 6 of the Lair of Beasts
  9763 | Lair:6   | Received a gift from Trog
  9810 | Lair:6   | Found a staircase to the Slime Pits.
  9874 | Lair:6   | Noticed a catoblepas
  9890 | Lair:6   | Killed a catoblepas
 10020 | Lair:5   | Noticed an eight-headed hydra
 10040 | Lair:5   | Killed a 19-headed hydra
 10212 | Lair:5   | Found a gate leading to a gauntlet.
 10224 | Gauntlet | Entered a Gauntlet
 10224 | Gauntlet | Found a transporter.
 10224 | Gauntlet | Found a runed translucent door.
 10224 | Gauntlet | Found a transporter.
 10225 | Gauntlet | Found a runed translucent door.
 10226 | Gauntlet | Found a transporter.
 10229 | Gauntlet | Found a transporter.
 10230 | Gauntlet | Found a transporter.
 10230 | Gauntlet | Found a transporter.
 10263 | Gauntlet | Found a transporter.
 10266 | Gauntlet | Found a transporter.
 10269 | Gauntlet | Noticed a four-headed hydra
 10273 | Gauntlet | Found a runed translucent door.
 10276 | Gauntlet | Found a transporter.
 10290 | Gauntlet | Found a transporter.
 10302 | Gauntlet | Noticed an eight-headed hydra
 10304 | Gauntlet | Found a transporter.
 10308 | Gauntlet | Found a transporter.
 10450 | Gauntlet | Reached XP level 13. HP: 122/122 MP: 12/12
 10562 | Gauntlet | Got a pair of faintly humming boots
 10573 | Gauntlet | Identified the +2 pair of boots of Zad Xote {rF+ Dex+2}
                  | (You found it in a Gauntlet)
 10613 | Gauntlet | Identified the ring of the Cricket {Wiz *Corrode rPois
                  | Int+3}
 10613 | Gauntlet | Noticed a minotaur
 10625 | Gauntlet | Killed a minotaur
 11330 | Lair:4   | Reached ****** piety under Trog
 12369 | Lair:6   | Found an iron altar of Okawaru.
 12729 | Lair:6   | Received a gift from Trog
 12754 | Lair:6   | Found a large runed translucent door.
 12766 | Lair:6   | Noticed a fire dragon
 12807 | Lair:6   | Reached XP level 14. HP: 133/133 MP: 13/13
 12851 | Lair:6   | Found a large runed translucent door.
 13269 | D:9      | Noticed Pikel
 13277 | D:9      | Killed Pikel
 13305 | D:9      | Noticed Grum
 13316 | D:9      | Killed Grum
 13907 | D:10     | Entered Level 10 of the Dungeon
 13907 | D:10     | Found a transporter.
 13914 | D:10     | Noticed MirrMurr's ghost (journeyman SpBe)
 13992 | D:10     | Found Weannuh's Armour Shoppe.
 13992 | D:10     | Found a staircase to the Orcish Mines.
 13993 | D:10     | Received a gift from Trog
 14095 | D:10     | Reached skill level 15 in Fighting
 14146 | D:10     | Found a transporter.
 14864 | D:11     | Noticed Erica
 14872 | D:11     | Killed Erica
 14872 | D:11     | Reached skill level 15 in Armour
 15381 | D:11     | Noticed Fannar
 15395 | D:11     | Killed Fannar
 15583 | D:12     | Found a portal to a secret trove of treasure.
 15662 | D:12     | Received a gift from Trog
 16136 | D:10     | Killed MirrMurr's ghost
 16357 | D:13     | Reached XP level 15. HP: 143/143 MP: 4/14
 16443 | D:13     | Found Iribair's Assorted Antiques.
 16479 | D:13     | Noticed Rupert
 16493 | D:13     | Killed Rupert
 16549 | D:13     | Noticed Josephine
 16558 | D:13     | Killed Josephine
 16651 | D:13     | Received a gift from Trog
 16715 | D:13     | Found a gate to the Vaults.
 17030 | D:13     | Received a gift from Trog
 18134 | D:15     | Entered Level 15 of the Dungeon
 18268 | D:15     | Received a gift from Trog
 18350 | D:15     | Found a staircase to the Depths.
 18423 | D:15     | Noticed Louise
 18439 | D:15     | Killed Louise
 19264 | D:15     | Reached XP level 16. HP: 153/157 MP: 15/15
 19576 | Orc:1    | Entered Level 1 of the Orcish Mines
 19577 | Orc:1    | Found Oquoj's Weapon Shop.
 19751 | Orc:1    | Found a roughly hewn altar of Beogh.
 19751 | Orc:1    | Noticed Nergalle
 19767 | Orc:1    | Killed Nergalle
 19953 | Orc:2    | Entered Level 2 of the Orcish Mines
 20018 | Orc:2    | Received a gift from Trog
 20031 | Orc:2    | Received a gift from Trog
 20302 | Orc:2    | Found a roughly hewn altar of Beogh.
 20376 | Orc:2    | Found Zaumaj's Assorted Antiques.
 20393 | Orc:2    | Found Zonown's Book Shop.
 20717 | Orc:2    | Found a roughly hewn altar of Beogh.
 20746 | Orc:2    | Found Nehyud's General Store.
 20785 | Orc:2    | Received a gift from Trog
 20858 | Orc:2    | Found Dakesihu's Distillery.
 21123 | Orc:2    | Found a staircase to the Elven Halls.
 21514 | Shoals:1 | Entered Level 1 of the Shoals
 21715 | Shoals:1 | Found a frozen archway.
 21729 | IceCv    | Entered an ice cave
 22277 | IceCv    | Noticed an Ice Fiend
 22283 | IceCv    | Killed an Ice Fiend
 22454 | Shoals:1 | Noticed Rusei's ghost (adept MiBe)
 22459 | Shoals:1 | Found a transporter.
 22482 | Shoals:1 | Found a transporter.
 22518 | Shoals:1 | Killed Rusei's ghost
 23077 | Shoals:1 | Received a gift from Trog
 24279 | Shoals:2 | Reached XP level 17. HP: 166/166 MP: 16/16
 24453 | Shoals:2 | Got a sparkling garnet amulet
 24454 | Shoals:2 | Identified the amulet "Keab" {Reflect SH+5 SInv} (You found
                  | it on level 2 of the Shoals)
 24610 | Shoals:3 | Received a gift from Trog
 24782 | Shoals:3 | Found Xuurok's Armour Boutique.
 25239 | Shoals:4 | Entered Level 4 of the Shoals
 26135 | Shoals:4 | Received a gift from Trog
 26831 | Shoals:4 | Got a barnacled rune of Zot
 27231 | Snake:1  | Entered Level 1 of the Snake Pit
 27410 | Snake:1  | Found a glowing golden altar of the Shining One.
 27542 | Snake:1  | Noticed Agnes
 27550 | Snake:1  | Killed Agnes
 27738 | Snake:2  | Received a gift from Trog
 27738 | Snake:2  | Reached XP level 18. HP: 126/178 MP: 17/17
 28390 | Snake:3  | Noticed Aizul
 28403 | Snake:3  | Killed Aizul
 29172 | Snake:3  | Received a gift from Trog
 29390 | Snake:4  | Entered Level 4 of the Snake Pit
 30967 | Snake:4  | Received a gift from Trog
 32182 | Snake:4  | Got a serpentine rune of Zot
 32952 | Vaults:1 | Entered Level 1 of the Vaults
 33064 | Vaults:1 | Reached XP level 19. HP: 187/187 MP: 18/18
 33080 | Vaults:1 | Received a gift from Trog
 33588 | Vaults:1 | Found a ruined gateway.
 33607 | Desolati | Entered the Desolation of Salt
 33698 | Desolati | Got a warped glass ring
 33700 | Desolati | Got a faintly glowing silver ring
 33702 | Desolati | Identified the ring "Vofos" {rPois MR+ Int+3} (You found it
                  | in the Desolation of Salt)
 33705 | Desolati | Identified the ring of Xom's Malicious Joy {+Fly Int+2}
                  | (You found it in the Desolation of Salt)
 33764 | Desolati | Received a gift from Trog
 33778 | Desolati | Got a shimmering iron ring
 33782 | Desolati | Identified the ring "Lasuak" {*Tele MR+ Int+4} (You found
                  | it in the Desolation of Salt)
 33790 | Desolati | Got a smoking marble ring
 33792 | Desolati | Identified the ring of Descent {rF+ Str+7} (You found it in
                  | the Desolation of Salt)
 34009 | Desolati | Found the +7 sceptre of Torment {pain, torment}
 34184 | Desolati | Received a gift from Trog
 35511 | Vaults:2 | Received a gift from Trog
 35534 | Vaults:2 | Reached XP level 20. HP: 176/200 MP: 19/19
 35843 | Vaults:2 | You fall through a shaft!
 35885 | Vaults:3 | You fall through a shaft!
 35930 | Vaults:4 | Received a gift from Trog
 36323 | Vaults:3 | Found Usakir's Food Emporium.
 36596 | Vaults:2 | Received a gift from Trog
 36766 | Vaults:2 | Found Kiakid's Distillery.
 36789 | Vaults:2 | Bought a potion of heal wounds for 80 gold pieces
 36789 | Vaults:2 | Bought a potion of heal wounds for 80 gold pieces
 36789 | Vaults:2 | Bought a potion of haste for 160 gold pieces
 37582 | Vaults:3 | Received a gift from Trog
 38006 | Vaults:3 | Found a staircase to the Crypt.
 38192 | Vaults:3 | Received a gift from Trog
 38208 | Vaults:3 | Reached skill level 1 in Evocations
 38573 | Vaults:4 | Reached XP level 21. HP: 214/214 MP: 21/21
 38999 | Vaults:4 | Received a gift from Trog
 39021 | Vaults:4 | Identified the ring of Ruofojid {+Fly rC+ Str+2 Dex+4}
 39084 | Vaults:4 | Reached skill level 5 in Dodging
 39457 | Vaults:4 | Noticed Jory
 39469 | Vaults:4 | Killed Jory
 39950 | Depths:1 | Entered Level 1 of the Depths
 40755 | Depths:1 | Found a runed translucent gate.
 40756 | Depths:1 | Found a runed translucent gate.
 40757 | Depths:1 | Found a runed translucent gate.
 40761 | Depths:1 | Found the +2 Maxwell's thermic engine {flame, freeze}
 40761 | Depths:1 | Found a runed translucent gate.
 40761 | Depths:1 | Found a runed translucent gate.
 40761 | Depths:1 | Found a runed translucent gate.
 40831 | Depths:1 | Reached skill level 5 in Evocations
 40831 | Depths:1 | Cast into level 3 of the Abyss (merfolk javelineer)
 40898 | Depths:1 | Escaped the Abyss
 40915 | Depths:1 | Received a gift from Trog
 41019 | Depths:1 | Found a one-way gate to the infinite horrors of the Abyss.
 41126 | Depths:1 | Found a gateway to Hell.
 41436 | Depths:2 | Reached XP level 22. HP: 191/226 MP: 25/25
 41543 | Depths:2 | Noticed Saint Roka
 41560 | Depths:2 | Killed Saint Roka
 42304 | Depths:2 | Received a gift from Trog
 42684 | D:12     | You paid a toll of 12 potions of heal wounds to enter a
                  | treasure trove
 42685 | Trove    | Entered a treasure trove
 42700 | Trove    | Got a clouded marble ring
 42718 | Trove    | Identified the ring of Circularity {rN+ Int+3} (You found
                  | it in a treasure trove)
 42907 | Orc:2    | Bought the +6 plate armour of Qazlal's Benevolence {-Cast
                  | Dex+9 Slay+2} for 883 gold pieces
 42907 | Orc:2    | Bought a scroll of magic mapping for 38 gold pieces
 42973 | Orc:2    | Bought a scroll of teleportation for 69 gold pieces
 42973 | Orc:2    | Bought a wand of paralysis (7) for 46 gold pieces
 43385 | Hell     | Entered the Vestibule of Hell
 43385 | Hell     | Noticed Geryon
 43485 | Depths:3 | Noticed a golden dragon
 43515 | Depths:3 | Killed a golden dragon
 43525 | Depths:3 | Received a gift from Trog
 43789 | Depths:3 | Received a gift from Trog
 44035 | Depths:3 | Found a one-way gate leading to the halls of Pandemonium.
 44439 | Depths:4 | Reached XP level 23. HP: 201/238 MP: 28/28
 44511 | Depths:4 | Reached skill level 10 in Dodging
 44731 | Depths:4 | Received a gift from Trog
 45226 | Depths:5 | Entered Level 5 of the Depths
 45628 | Depths:5 | Found a gate to the Realm of Zot.
 45928 | Depths:5 | Found a gateway to a ziggurat.
 45934 | Depths:5 | Reached skill level 27 in Fighting
 46673 | Vaults:5 | Entered Level 5 of the Vaults
 46687 | Vaults:5 | Received a gift from Trog
 47025 | Vaults:4 | Reached skill level 10 in Evocations
 47292 | Vaults:5 | Reached XP level 24. HP: 194/249 MP: 29/29
 47302 | Vaults:5 | Received a gift from Trog
 47474 | Vaults:5 | Received a gift from Trog
 47996 | Vaults:5 | Noticed an ancient lich
 48001 | Vaults:5 | Killed an ancient lich
 48031 | Vaults:5 | Received a gift from Trog
 48449 | Vaults:5 | Identified the amulet "Vinwais" {Gourm rPois rF- rN+
                  | Slay+3}
 48795 | Vaults:5 | Got a silver rune of Zot
 49738 | Zot:1    | Entered Level 1 of the Realm of Zot
 49871 | Zot:2    | Received a gift from Trog
 49905 | Zot:2    | Reached XP level 25. HP: 217/257 MP: 31/31
 50131 | Zot:3    | Reached skill level 15 in Dodging
 50872 | Zot:4    | Received a gift from Trog
 50930 | Zot:5    | Entered Level 5 of the Realm of Zot
 51557 | Zot:5    | Noticed an ancient lich
 51587 | Zot:5    | Noticed an orb of fire
 51588 | Zot:5    | Noticed an orb of fire
 51590 | Zot:5    | Gained mutation: You are resistant to hostile enchantments.
                  | (MR+) [an orb of fire]
 51591 | Zot:5    | Noticed an orb of fire
 51592 | Zot:5    | Gained mutation: You are weak. (Str -2) [an orb of fire]
 51595 | Zot:5    | Killed an orb of fire
 51595 | Zot:5    | Noticed an orb of fire
 51603 | Zot:5    | Noticed an orb of fire
 51606 | Zot:5    | Gained mutation: Your magical capacity is low. (-10% MP)
                  | [an orb of fire]
 51606 | Zot:5    | Gained mutation: Armour fits poorly on your strangely
                  | shaped body. [an orb of fire]
 51610 | Zot:5    | Noticed an orb of fire
 51612 | Zot:4    | Gained mutation: You are clumsy. (Dex -2) [an orb of fire]
 51612 | Zot:4    | Gained mutation: Your body sometimes deteriorates upon
                  | taking damage. [an orb of fire]
 51613 | Zot:4    | Gained mutation: You are frail. (-10% HP) [an orb of fire]
 51617 | Zot:4    | Killed an orb of fire
 51618 | Zot:4    | Killed an orb of fire
 51622 | Zot:4    | Lost mutation: You are resistant to hostile enchantments.
                  | (MR+) [potion of mutation]
 51622 | Zot:4    | Lost mutation: Your body sometimes deteriorates upon taking
                  | damage. [potion of mutation]
 51622 | Zot:4    | Lost mutation: You are frail. (-10% HP) [potion of
                  | mutation]
 51622 | Zot:4    | Lost mutation: You are clumsy. (Dex -2) [potion of
                  | mutation]
 51622 | Zot:4    | Gained mutation: You occasionally shout uncontrollably at
                  | your foes. [potion of mutation]
 51622 | Zot:4    | Gained mutation: You are agile. (Dex +2) [potion of
                  | mutation]
 51623 | Zot:4    | Lost mutation: Armour fits poorly on your strangely shaped
                  | body. [potion of mutation]
 51623 | Zot:4    | Lost mutation: Your magical capacity is low. (-10% MP)
                  | [potion of mutation]
 51623 | Zot:4    | Lost mutation: You are weak. (Str -2) [potion of mutation]
 51623 | Zot:4    | Gained mutation: You have a somewhat thin skeletal
                  | structure. (Dex +2, Stealth) [potion of mutation]
 51623 | Zot:4    | Gained mutation: You are covered in fur. (AC +1) [potion of
                  | mutation]
 51623 | Zot:4    | Gained mutation: You are partially covered in slimy green
                  | scales. (AC +2) [potion of mutation]
 51863 | Zot:5    | Lost mutation: You are agile. (Dex +2) [an orb of fire]
 51867 | Zot:5    | Killed an orb of fire
 51869 | Zot:5    | Gained mutation: You are partially covered in iridescent
                  | scales. (AC +2) [an orb of fire]
 51872 | Zot:5    | Gained mutation: Your body sometimes deteriorates upon
                  | taking damage. [an orb of fire]
 51875 | Zot:5    | Killed an orb of fire
 51880 | Zot:5    | Noticed an orb of fire
 51886 | Zot:5    | Gained mutation: Armour fits poorly on your strangely
                  | shaped body. [an orb of fire]
 51888 | Zot:5    | Killed an orb of fire
 51888 | Zot:5    | Reached XP level 26. HP: 266/266 MP: 32/32
 52002 | Zot:5    | Gained mutation: You tend to lose your temper in combat.
                  | [an orb of fire]
 52007 | Zot:5    | Gained mutation: You do not regenerate when monsters are
                  | visible. [an orb of fire]
 52010 | Zot:5    | Gained mutation: Your magical capacity is low. (-10% MP)
                  | [an orb of fire]
 52021 | Zot:5    | Killed an orb of fire
 52022 | Zot:5    | Noticed an ancient lich
 52034 | Zot:5    | Noticed an orb of fire
 52040 | Zot:5    | Killed an ancient lich
 52042 | Zot:5    | Gained mutation: Your magical capacity is very low. (-20%
                  | MP) [an orb of fire]
 52047 | Zot:5    | Gained mutation: You are dopey. (Int -2) [an orb of fire]
 52049 | Zot:5    | Killed an orb of fire
 52060 | Zot:4    | Lost mutation: You are covered in fur. (AC +1) [potion of
                  | mutation]
 52060 | Zot:4    | Lost mutation: You are dopey. (Int -2) [potion of mutation]
 52060 | Zot:4    | Lost mutation: You tend to lose your temper in combat.
                  | [potion of mutation]
 52060 | Zot:4    | Gained mutation: Your muscles are strong. (Str +2) [potion
                  | of mutation]
 52061 | Zot:4    | Lost mutation: Your muscles are strong. (Str +2) [potion of
                  | mutation]
 52061 | Zot:4    | Lost mutation: Your magical capacity is very low. (-20% MP)
                  | [potion of mutation]
 52061 | Zot:4    | Lost mutation: You occasionally shout uncontrollably at
                  | your foes. [potion of mutation]
 52061 | Zot:4    | Lost mutation: Your body sometimes deteriorates upon taking
                  | damage. [potion of mutation]
 52061 | Zot:4    | Gained mutation: Your magical capacity is very low. (-20%
                  | MP) [potion of mutation]
 52061 | Zot:4    | Gained mutation: Your flesh is heat resistant. (rF+)
                  | [potion of mutation]
 52065 | Zot:5    | Noticed an ancient lich
 52071 | Zot:5    | Killed an ancient lich
 52073 | Zot:5    | Noticed an ancient lich
 52082 | Zot:5    | Killed an ancient lich
 52162 | Zot:5    | Noticed an orb of fire
 52172 | Zot:5    | Killed an orb of fire
 52172 | Zot:5    | Reached skill level 15 in Evocations
 52185 | Zot:5    | Reached skill level 27 in Armour
 52442 | Zot:5    | Noticed an orb of fire
 52457 | Zot:5    | Gained mutation: You are frail. (-10% HP) [an orb of fire]
 52459 | Zot:5    | Killed an orb of fire
 52719 | Zot:5    | Killed an ancient lich
 52816 | Zot:5    | Demolished by an Orb Guardian

Levels and vault maps discovered:
D:1:      dpeg_arrival_solitude, layout_loops_ring
D:2:      layout_loops_ring, amethyst_overflow_temple_binary, uniq_sigmund,
          uniq_terence, uniq_jessica
D:3:      minmay_angry_zag, layout_loops_ring, lemuel_round_altar,
          kennysheep_vampire_church
D:4:      layout_basic, minmay_temple_entry_large_hall, first_ration
D:5:      layout_basic
D:6:      layout_loops_ring, kennysheep_mini_moat, uniq_grinder
D:7:      layout_loops_ring, lemuel_mausoleum_altar_yredelemnul,
          gammafunk_ghost_cemetery, enter_bailey_6, trog_ov_bears_minmay
D:8:      layout_gridville, david_lair_shrubbed, minmay_misc_feat_five
D:9:      layout_gridville, uniq_grum, uniq_pikel
D:10:     minmay_distorted_concentric_squares, layout_basic, orc_david_3,
          gammafunk_ghost_mausoleum
D:11:     layout_irregular_city, uniq_erica, uniq_fannar
D:12:     layout_roguey, enter_trove_6
D:13:     minmay_quarter_circles, layout_gridville, grunt_vaults_entry_tiered,
          serial_shops, shop, uniq_josephine, uniq_rupert
D:14:     layout_loops_corners, minmay_misc_feat_ornament
D:15:     gammafunk_enter_depths_forms, layout_grid_maze,
          hangedman_decor_growths, minmay_statues_item, uniq_louise
Temple:   regret_index_temple_sphere_string
Lair:1:   layout_gridlike, chequers_serial_rivers_large_a,
          minmay_lair_oklob_chamber, uniq_joseph, uniq_gastronok, uniq_harold
Lair:2:   layout_roguey, shoals_dummy_entry, grunt_megastairs_3, uniq_urug
Lair:3:   layout_gridlike, minmay_snake_entry_six_corridors,
          guppyfry_lair_drakes
Lair:4:   layout_roguey, beast_lair_carwin_6, infiniplex_staircase_pool_2
Lair:5:   layout_regular_city, gauntlet_entry_generic,
          chequers_serial_rivers_micro_b
Lair:6:   cheibrodos_lair_end_hotspot, layout_regular_city,
          dpeg_slime_entry_corner, basic_altar
Shoals:1: layout_shoals, portal_ice_cave_entry_dragon, gammafunk_ghost_arena
Shoals:2: layout_shoals
Shoals:3: layout_shoals, serial_shops, nicolae_shop_stone,
          nicolae_shoals_loop_pool
Shoals:4: shoals_end_grunt_ice, layout_shoals
Snake:1:  layout_onion_interference, basic_altar, uniq_agnes
Snake:2:  layout_onion_interference, serial_bayou_pond_b
Snake:3:  layout_gridlike, uniq_aizul
Snake:4:  snake_pit, layout_onion, lemuel_fruit_tree, serial_bayou_shore_b
Orc:1:    layout_diamond_mine, basic_altar, serial_shops, shop, uniq_nergalle
Orc:2:    pubby_orc_utopia
Vaults:1: nicolae_vaults_network_square, grunt_vaults_bifocal, v_misc_10,
          vaults_dpeg_hooks, hangedman_vaults_cutoff, hangedman_vaults_trim,
          v_misc_11, vaults_room_fours, ontoclasm_vaults_hangar, v_misc_25,
          nicolae_vaults_ring_of_whatevers, grunt_vaults_diagonal,
          layout_vaults_ring, portal_desolation_entry_ruin
Vaults:2: vaults_room_door_ring, st_lines, grunt_vaults_hallway_long, v_misc_5,
          grunt_vaults_twisty, v_rooms_4, vaults_room_grid,
          layout_vaults_omnigrid, serial_shops, shop_statue
Vaults:3: minmay_crypt_entry_simple_walls, v_misc_25, v_misc_18,
          nicolae_vaults_big_angled_halls, hangedman_vaults_snaps, v_misc_11,
          st_lattice, nicolae_vaults_sealed_display, dpeg_vaults_monster_box,
          v_misc_2, layout_vaults_chaotic_city, serial_shops, shop
Vaults:4: ontoclasm_vaults_gateway, vaults_dpeg_ring, grunt_vaults_focal,
          nicolae_vaults_little_squares_6, v_alt_pattern_2,
          ontoclasm_vaults_spin, vaults_dpeg_cross,
          nicolae_vaults_quartermaster, hangedman_vaults_stagger, v_rooms_6,
          nicolae_vaults_alarming, vaults_mumra_hex, layout_vaults_omnibox,
          uniq_jory
Vaults:5: serial_shops
Depths:1: grunt_double_whammy, layout_basic, serial_bayou_pond_a, hell_entry,
          abyss_entry, brannock_guarded_unrand_thermic_engine
Depths:2: kennysheep_ambush_hall, layout_gridlike, minmay_room_of_horrors,
          hell_entry, serial_sigils_hangedman_snap, st_stairs_10,
          hangedman_aviary, uniq_saint_roka
Depths:3: evilmike_marble_ring, layout_cave_shapes, grunt_pan_entry_sceptre,
          hell_entry, dk_noncrumbling_4, kilobyte_mutagenic_chamber
Depths:4: minmay_crystal_thing, layout_basic, rand_demon_pan_entry_5,
          hell_entry, abyss_entry, minmay_misc_feat_secret_circle,
          infiniplex_staircase_pool_1
Depths:5: grunt_zot_entry_tricorne, layout_small_grid, enter_ziggurat_a,
          infiniplex_enter_wizlab_spiral, hell_entry,
          nicolae_abyss_entry_one_way_or_another
Hell
Zot:1:    layout_concentric_octagons, basic_altar
Zot:2:    layout_gridlike, hangedman_snap_crack_crunch, grunt_megastairs_5
Zot:3:    layout_cathedral_of_symmetry, st_stairs_7
Zot:4:    cheibrodos_zot_enchanting_chambers, layout_misc_corridors
Zot:5:    layout_concentric_octagons
Abyss:3:  bh_abyss_exit_spiral, hangedman_classic_abyss_death,
          hangedman_abyss_monster_moat,
          evilmike_nicolae_abyss_rune_containment_curve, minivault_5
Trove:    trove_simple
Bailey:   bailey_polearm_1, bailey
IceCv:    ice_cave_tombish
Desolation
Gauntlet: minmay_gauntlet_77_indecision [minmay_gauntlet_arena_77_box,
          minmay_gauntlet_arena_77_cramped, minmay_gauntlet_arena_77_p_blocks,
          minmay_gauntlet_arena_77_fan, minmay_gauntlet_arena_77_museum,
          minmay_gauntlet_arena_77_path, gauntlet_exit_hidden_loot]

Skill      XL: |  1  2  3  4  5  6  7  8  9 10 11 12 13 14 15 16 17 18 19 20 21 22 23 24 25 26 |
---------------+-------------------------------------------------------------------------------+-----
Axes           | 4 5 6 7 8 10 12 14 15 17 19 20 21 22 24 25 26 | 26.1
Fighting       | 4 5 6 7 9 10 12 13 14 15 18 19 20 22 24 25 26 27 | 27.0
Armour         | 3 4 5 6 7 9 10 11 13 14 15 16 18 19 20 22 23 24 25 26 27 | 27.0
Evocations     | 1 5 8 10 12 14 15 | 15.8
Dodging        | 3 7 9 12 14 17 18 | 18.4

Action                   |  1- 3 |  4- 6 |  7- 9 | 10-12 | 13-15 | 16-18 | 19-21 | 22-24 | 25-27 || total
-------------------------+-------+-------+-------+-------+-------+-------+-------+-------+-------++-------
Melee: Hand axe          |    49 |   152 |   191 |       |       |       |       |       |       ||   392
       Headbutt          |     7 |    19 |    78 |    80 |   285 |   260 |   257 |   245 |   111 ||  1342
       Battleaxe         |       |       |   229 |   356 |   922 |       |    36 |       |    40 ||  1583
       Broad axe         |       |       |    13 |       |       |       |       |       |       ||    13
       Executioner's axe |       |       |       |       |    64 |  1151 |   912 |   815 |   324 ||  3266
Invok: Berserk           |     1 |       |     3 |     3 |     7 |     7 |     6 |     1 |     6 ||    34
       Brothers in Arms  |       |       |       |       |       |     4 |     5 |     2 |     3 ||    14
Evoke: Wand              |       |       |     1 |       |       |       |       |       |       ||     1
  Use: Scroll            |       |     2 |     8 |    10 |     4 |    10 |     2 |     8 |    10 ||    54
       Potion            |       |       |     7 |       |       |     2 |     1 |       |     4 ||    14
 Stab: Distracted        |     1 |       |       |       |       |       |     1 |     1 |       ||     3
  Eat: Chunk             |       |     5 |    11 |    13 |    32 |    33 |    22 |    17 |     1 ||   134
       Ration            |       |       |     5 |       |     2 |     6 |     5 |     4 |     4 ||    26
Armor: Animal skin       |     8 |       |       |       |       |       |       |       |       ||     8
       Scale mail        |     5 |    85 |    15 |       |       |       |       |       |       ||   105
       Chain mail        |       |       |   203 |       |       |       |       |       |       ||   203
       Plate armour      |       |       |    48 |   376 |   660 |   708 |   482 |   452 |       ||  2726
       Gold dragon scale |       |       |       |       |       |       |       |   144 |   225 ||   369
Dodge: Dodged            |    40 |    76 |   215 |   155 |   508 |   690 |   317 |   570 |   239 ||  2810
       Deflected         |       |       |       |     4 |    22 |   133 |    41 |    54 |    14 ||   268
Block: Other             |       |       |       |       |       |   185 |   169 |   139 |       ||   493
       Reflection        |       |       |       |       |       |    30 |    22 |    19 |       ||    71

Table legend:
 A = Non-vault XP
 B = Vault XP
 C = Vault XP percentage of total XP
 D = Non-vault monster count
 E = Vault monster count
 F = Vault count percentage of total count
                 A         B        C        D         E       F
            +---------+---------+-------+---------+---------+-------
      Total |  679512 |  753789 |  52.6 |    1367 |     962 |  41.3
            +---------+---------+-------+---------+---------+-------
        D:1 |      27 |       0 |   0.0 |      18 |       0 |   0.0
        D:2 |      73 |     311 |  81.0 |      21 |       3 |  12.5
        D:3 |     158 |     154 |  49.4 |      31 |      15 |  32.6
        D:4 |     426 |       0 |   0.0 |      22 |       0 |   0.0
        D:5 |     468 |       0 |   0.0 |      23 |       0 |   0.0
        D:6 |    1514 |     258 |  14.6 |      22 |       1 |   4.3
        D:7 |     889 |    2226 |  71.5 |      20 |      16 |  44.4
        D:8 |    2247 |     343 |  13.2 |      24 |       1 |   4.0
        D:9 |    2751 |    1108 |  28.7 |      27 |       4 |  12.9
       D:10 |    5759 |    5477 |  48.7 |      25 |      23 |  47.9
       D:11 |    9037 |    1925 |  17.6 |      30 |       2 |   6.2
       D:12 |    5686 |       0 |   0.0 |      43 |       0 |   0.0
       D:13 |    4993 |   23999 |  82.8 |      29 |      67 |  69.8
       D:14 |    9815 |       0 |   0.0 |      40 |       0 |   0.0
       D:15 |    9917 |    6064 |  37.9 |      27 |      12 |  30.8
     Lair:1 |    2125 |    6028 |  73.9 |      12 |       8 |  40.0
     Lair:2 |    1519 |    1450 |  48.8 |       6 |       3 |  33.3
     Lair:3 |    6828 |    1717 |  20.1 |      19 |      16 |  45.7
     Lair:4 |    2881 |    1672 |  36.7 |      13 |       7 |  35.0
     Lair:5 |   11893 |       0 |   0.0 |      33 |       0 |   0.0
     Lair:6 |   10941 |    6204 |  36.2 |      27 |      24 |  47.1
   Shoals:1 |   12484 |    7359 |  37.1 |      27 |      10 |  27.0
   Shoals:2 |   17413 |       0 |   0.0 |      39 |       0 |   0.0
   Shoals:3 |   11147 |       0 |   0.0 |      24 |       0 |   0.0
   Shoals:4 |   11487 |   21379 |  65.0 |      23 |      30 |  56.6
    Snake:1 |   10958 |    2206 |  16.8 |      23 |       1 |   4.2
    Snake:2 |   17627 |    3814 |  17.8 |      33 |       6 |  15.4
    Snake:3 |   21175 |    1603 |   7.0 |      47 |       1 |   2.1
    Snake:4 |   21912 |   26779 |  55.0 |      41 |      41 |  50.0
      Orc:1 |    2926 |     785 |  21.2 |      29 |       1 |   3.3
      Orc:2 |       0 |   19525 | 100.0 |       0 |     137 | 100.0
   Vaults:1 |   25820 |   19712 |  43.3 |      58 |      31 |  34.8
   Vaults:2 |   37586 |   12877 |  25.5 |      60 |      15 |  20.0
   Vaults:3 |   23572 |   24511 |  51.0 |      45 |      29 |  39.2
   Vaults:4 |   39868 |   55318 |  58.1 |      69 |      61 |  46.9
   Vaults:5 |   45571 |  132939 |  74.5 |      60 |      90 |  60.0
   Depths:1 |   32103 |   23295 |  42.1 |      39 |      18 |  31.6
   Depths:2 |   22493 |   33208 |  59.6 |      30 |      49 |  62.0
   Depths:3 |   45926 |   31784 |  40.9 |      61 |      33 |  35.1
   Depths:4 |   32605 |    8410 |  20.5 |      39 |       9 |  18.8
   Depths:5 |   32047 |   19765 |  38.1 |      30 |      16 |  34.8
      Zot:1 |    5362 |       0 |   0.0 |       4 |       0 |   0.0
      Zot:2 |    8087 |   14181 |  63.7 |       6 |       9 |  60.0
      Zot:3 |   40307 |       0 |   0.0 |      23 |       0 |   0.0
      Zot:4 |   28819 |   11961 |  29.3 |      20 |       2 |   9.1
      Zot:5 |   39098 |  158799 |  80.2 |      21 |      33 |  61.1
    Abyss:3 |    3172 |    4870 |  60.6 |       4 |       5 |  55.6
     Bailey |       0 |     771 | 100.0 |       0 |      15 | 100.0
      IceCv |       0 |   10179 | 100.0 |       0 |      25 | 100.0
 Desolation |       0 |   44348 | 100.0 |       0 |      82 | 100.0
   Gauntlet |       0 |    4475 | 100.0 |       0 |      11 | 100.0
            +---------+---------+-------+---------+---------+-------
